Map: Arctic Dream LE

Players

pansky - Winner!

  • Race: Terran Terran
  • League: Diamond
  • Spawn Location: 12:00

pushistik - Winner!

  • Race: Protoss Protoss
  • League: Platinum
  • Spawn Location: 11:00

qqq

  • Race: Protoss Protoss
  • League: Platinum
  • Spawn Location: 6:00

Massa

  • Race: Terran Terran
  • League: Gold
  • Spawn Location: 5:00

VOD

Have the link to the VOD?

Description

Time

  • Played on: June 4, 2020, 2:33 p.m.
  • Length: 10:10
Show
View Real Time Build Order
Export as new Build Order

pansky Terran - Winner!

Build Orders: 2 Factory 

Get SALT Encoding   

  12  0:00  SCV  
  13  0:17  SCV, Supply Depot  
  14  0:30  Refinery, SCV  
  15  0:41  Barracks  
  15  0:45  SCV  
  16  0:57  SCV  
  16  0:59  Refinery  
  17  1:17  Supply Depot  
  17  1:22  Barracks  
  17  1:25  SCV  
  17  1:43  Factory  
  17  1:52  Marine  
  17  2:03  Orbital Command  
  17  2:06  Factory  
  17  2:20  Marine  
  18  2:35  SCV  
  18  2:36  Factory Tech Lab  
  19  2:41  Supply Depot  
  17  2:55  Siege Tank  
  20  3:02  Barracks  
  20  3:27  Siege Tank  
  20  3:28  Barracks  
  21  4:04  Marine  
  22  4:14  Barracks  
  22  4:16  Barracks Tech Lab  
  22  4:22  Marine  
  23  4:31  Supply Depot  
  23  4:32  Supply Depot  
  23  4:38  Stimpack  
  23  4:52  Marine  
  23  4:53  Marauder, Siege Tank  
  29  5:09  Marine  
  29  5:10  Marine  
  31  5:17  Supply Depot  
  31  5:30  Marauder  
  33  6:11  Barracks Reactor x2  
  33  6:13  Marauder  
  33  6:14  Siege Tank  
  38  6:23  SCV  
  39  6:28  Refinery  
  39  6:35  SCV  
  40  6:50  Marauder, Marine x4  
  40  6:52  SCV  
  47  7:00  Starport  
  47  7:27  Supply Depot x2  
  47  7:48  Marine x4  
  47  7:49  Marauder  
  53  8:22  Marauder, Marine x4  
  53  8:25  Siege Tank  
  62  8:31  Command Center  
  56  9:28  Starport Reactor, Engineering Bay  
  55  9:56  SCV x2  
  63  10:06  Missile Turret  
Show
View Real Time Build Order
Export as new Build Order

pushistik Protoss - Winner!

Build Orders: Cannon Rush 

Get SALT Encoding   

  12  0:00  Probe  
  13  0:15  Pylon  
  14  0:21  Probe (Chrono Boost)  
  14  0:31  Probe (Chrono Boost)  
  15  0:41  Forge  
  15  0:50  Probe  
  16  1:02  Probe  
  17  1:11  Pylon  
  17  1:14  Probe  
  17  1:27  Photon Cannon  
  17  1:31  Photon Cannon  
  17  1:33  Photon Cannon  
  17  1:53  Probe (Chrono Boost)  
  18  2:02  Probe (Chrono Boost)  
  18  2:06  Pylon  
  19  2:19  Probe (Chrono Boost)  
  20  2:27  Assimilator  
  20  2:28  Probe (Chrono Boost)  
  21  2:32  Gateway  
  21  2:34  Photon Cannon  
  21  2:35  Pylon  
  21  2:36  Photon Cannon  
  21  2:51  Pylon  
  21  3:01  Probe  
  21  3:02  Photon Cannon  
  22  3:06  Photon Cannon  
  22  3:16  Photon Cannon  
  22  3:22  Photon Cannon  
  22  3:29  Pylon  
  22  4:11  Pylon  
  22  4:15  Pylon  
  22  4:21  Cybernetics Core  
  22  4:35  Photon Cannon  
  22  4:36  Pylon  
  22  4:42  Photon Cannon  
  22  4:43  Photon Cannon  
  22  4:45  Photon Cannon  
  20  5:30  Nexus  
  20  7:09  Shield Battery  
  20  7:17  Shield Battery  
  20  7:23  Pylon  
  20  7:43  Shield Battery  
  20  7:54  Gateway  
  20  7:57  Assimilator  
  20  8:01  Assimilator  
  20  8:03  Pylon  
  20  8:25  Photon Cannon  
  20  8:30  Pylon  
  8  9:11  Probe (Chrono Boost)  
  9  9:18  Photon Cannon  
  9  9:21  Probe (Chrono Boost), Robotics Facility  
  10  9:26  Probe (Chrono Boost)  
  11  9:38  Probe (Chrono Boost)  
  12  9:50  Probe (Chrono Boost)  
  13  9:56  Probe (Chrono Boost)  
Show
View Real Time Build Order
Export as new Build Order

qqq Protoss 

Build Orders:  

Get SALT Encoding   

  12  0:03  Probe  
  13  0:15  Pylon  
  13  0:25  Probe  
  14  0:33  Forge  
  14  0:38  Probe  
  15  0:50  Probe  
  15  0:52  Pylon  
  16  1:13  Photon Cannon  
  16  1:18  Pylon  
  15  1:36  Photon Cannon  
  15  1:53  Pylon  
  15  2:05  Pylon  
  15  2:12  Photon Cannon  
  15  2:14  Photon Cannon  
  15  2:20  Photon Cannon  
  15  2:30  Pylon  
  15  2:46  Photon Cannon  
  15  2:51  Pylon  
  15  3:00  Pylon  
  15  3:11  Photon Cannon  
  15  3:23  Photon Cannon  
  14  3:37  Photon Cannon  
  14  3:48  Gateway  
  14  3:49  Probe  
  15  4:01  Probe  
  15  4:12  Assimilator  
  15  4:13  Probe  
  16  4:28  Probe, Assimilator  
  17  4:48  Photon Cannon  
  17  4:51  Pylon  
  17  4:55  Cybernetics Core  
  17  5:07  Probe  
  18  5:15  Photon Cannon  
  18  5:19  Probe  
  19  5:28  Photon Cannon  
  19  5:31  Probe  
  20  5:52  Nexus  
  20  6:02  Stargate  
  20  6:17  Shield Battery  
  20  6:25  Stalker (Chrono Boost)  
  22  6:26  Probe  
  23  7:07  Void Ray (Chrono Boost)  
  25  7:20  Probe  
  26  7:33  Probe  
  27  7:45  Probe  
  28  7:57  Probe  
  28  8:09  Probe  
  24  8:24  Photon Cannon  
  24  8:25  Pylon  
  24  8:26  Probe, Shield Battery  
  25  8:27  Shield Battery  
  25  8:29  Probe, Stalker  
  25  8:31  Void Ray (Chrono Boost)  
  26  8:39  Probe  
  33  8:51  Probe  
  33  8:55  Shield Battery  
  33  8:56  Stalker  
  35  9:03  Probe  
  34  9:15  Probe  
Show
View Real Time Build Order
Export as new Build Order

Massa Terran 

Build Orders:  

Get SALT Encoding   

  12  0:08  SCV  
  13  0:16  Supply Depot  
  13  0:20  SCV  
  14  0:32  SCV  
  15  0:44  SCV  
  16  0:56  SCV  
  17  1:03  Barracks  
  17  1:15  SCV  
  18  1:28  SCV  
  19  1:44  Refinery  
  19  1:55  Marine  
  19  2:00  Barracks  
  18  2:13  Marine  
  19  2:28  Refinery  
  19  2:34  Supply Depot  
  19  2:38  Supply Depot  
  19  2:55  Marine  
  20  3:00  Marine  
  21  3:09  Command Center  
  21  3:13  Marine  
  21  3:18  Marine  
  23  3:31  Marine  
  24  3:36  Marine  
  25  3:48  Marine  
  25  3:54  Marine  
  27  3:55  Factory  
  27  4:06  Marine  
  28  4:12  Marine  
  29  4:22  SCV  
  30  4:24  Marine  
  31  4:34  SCV  
  32  4:46  SCV  
  31  4:58  SCV  
  32  5:04  SCV  
  33  5:08  Factory Tech Lab  
  33  5:16  SCV  
  34  5:28  SCV  
  35  5:36  Siege Tank  
  35  5:40  SCV  
  35  6:07  SCV  
  36  6:12  Refinery  
  30  6:20  SCV  
  33  6:32  SCV  
  32  6:44  SCV  
  33  6:50  Refinery  
  33  6:56  SCV  
  34  7:08  SCV x2  
  36  7:15  Barracks  
  36  7:20  SCV x2  
  38  7:25  Marine  
  39  7:32  SCV x2  
  41  7:37  Factory  
  41  7:41  Barracks  
  41  7:43  Marine  
  42  7:44  SCV  
  43  7:57  SCV  
  39  8:01  Marine  
  36  8:09  SCV  
  36  8:10  Refinery  
  37  8:13  Refinery  
  37  8:16  Factory  
  37  8:17  Marine  
  37  8:19  Marine  
  39  8:21  SCV  
  37  9:15  Factory Tech Lab  
  35  9:18  Supply Depot  
  35  9:20  Supply Depot  
  35  9:22  Supply Depot  
  35  9:26  Supply Depot  
  35  9:33  Orbital Command  
  35  9:40  Marine x2  
Tags
 
Add a new tag
Caveats
  • Supply blocks, unpowered buildings, or Contaminate may cause inaccurate times.
  • Supply counts are checked every 10 seconds.